Tilon, neutral male gnomish Wizard --------- ####################` ## -------- |.......| # ## ----------# #........######-.......| # ####-........|# ###|.%....|# |.......| # |........-########+......|# |....^.<| ------- # ...._.....###### |......| ----.---- |......##### --------.- ## --------# # |.....| # ############### # |.....| # # # # |..{..| # # # # |.....+ # # # # |..<..| ## # # ------|- ------- ----.---# ### |......| |......|# @ |......| |......|# ##-......| |......|# |......| |......| |>.....| -------- -------- Tilon the Thaumaturge Experience level: 6 Strength: 15 Dexterity: 12 Constitution: 16 Intelligence: 19 Wisdom: 9 Charisma: 10 Health: 36(36) Energy: 8(43) Def: 2 Gold: 653 Moves: 4003 Dungeon seed: l2cDgB6EnB5eJjii Game ID: Tilon_1485483898 Your Inventory: Coins $ - 653 gold pieces Weapons a - a blessed +1 quarterstaff p - 3 +0 darts (in quiver) u - a +0 orcish dagger (weapon in hand) Armor e - an uncursed +0 cloak of magic resistance (being worn) y - an uncursed +0 pair of leather gloves (being worn) N - an uncursed rusty +0 orcish helm (being worn) Comestibles F - an uncursed food ration G - an uncursed lichen corpse H - 2 uncursed tins of spinach Scrolls i - an uncursed scroll of gold detection j - an uncursed scroll of remove curse k - an uncursed scroll of food detection n - a cursed scroll of identify t - an uncursed scroll of fire v - an uncursed scroll of earth B - a cursed scroll of food detection C - a blessed scroll of blank paper D - 2 uncursed scrolls of blank paper J - an uncursed scroll of enchant armor K - 2 uncursed scrolls of enchant weapon Q - 4 uncursed scrolls of identify U - an uncursed scroll of magic mapping X - an uncursed scroll of stinking cloud Spellbooks l - a blessed spellbook of force bolt m - an uncursed spellbook of jumping w - an uncursed spellbook of blank paper x - an uncursed spellbook of create monster A - an uncursed spellbook of cure blindness M - an uncursed spellbook of clairvoyance Potions g - an uncursed potion of healing h - 3 uncursed potions of water Rings c - an uncursed +1 ring of increase damage (on left hand) d - an uncursed +2 ring of gain strength (on right hand) Wands b - a wand of cancellation (0:5) Gems q - an uncursed worthless piece of violet glass r - an uncursed garnet stone z - 2 uncursed worthless pieces of white glass Spells and supernatural/magical abilities: Name Level Category Fail Memory a - force bolt 1 attack 0% 80% j - jumping 1 escape 0% 80% v - clairvoyance 3 divination 81% 89% B - cure blindness 2 healing 54% 91% W - pray for help -- divine ? -- Your skills at the end: Fighting Skills Weapon Skills dagger [Basic] quarterstaff [Basic] Spellcasting Skills attack spells [Basic] enchantment spells [Basic] Final Attributes: You were aligned. You were magic-protected. You had infravision. You had a +1 damage bonus. You were unlucky. You survived. Vanquished creatures: an imp a rock piercer a rock mole a shrieker a violet fungus 2 gray oozes a paper golem a floating eye a kitten a homunculus 2 hill orcs a monkey 2 orc zombies 2 dwarf zombies a werejackal 2 iguanas an acid blob a coyote a gas spore a hobbit a large kobold 6 giant rats a cave spider a yellow mold 2 green molds a gnome zombie 3 geckos 2 jackals 2 kobolds 4 sewer rats 11 grid bugs a bat 8 lichens 2 kobold zombies 9 newts 79 creatures vanquished. Voluntary challenges: You used a wielded weapon 74 times, starting on turn 321. You read items or engraved 9 times, starting on turn 1564. You never genocided any monsters. You never polymorphed an object. You never changed form. You used no wishes. You never split a pudding. You never wrote Elbereth's name. You violated your moral code, losing 52 points of alignment, starting on turn 2732. Dungeon overview: The Dungeons of Doom: levels 1 to 8 Level 1 a fountain a long staircase Level 2 a scroll shop Level 3 Level 4 Level 5 Level 6 a jewelry store Level 7 many fountains Level 8 <- You were here an altar to Anhur, a fountain stairs to Sokoban Sokoban: Level 7 stairs to The Dungeons of Doom History has recorded: On T:1 you entered the Dungeons of Doom to retrieve the Amulet of Yendor! On T:358 you reached level 2 of The Dungeons of Doom. On T:979 you advanced to experience level 2. On T:1207 you reached level 3 of The Dungeons of Doom. On T:1272 you advanced to experience level 3. On T:1477 you reached level 4 of The Dungeons of Doom. On T:2056 you advanced to experience level 4. On T:2508 you reached level 5 of The Dungeons of Doom. On T:2769 you advanced to experience level 5. On T:3074 you reached level 6 of The Dungeons of Doom. On T:3412 you reached level 7 of The Dungeons of Doom. On T:3744 you reached level 8 of The Dungeons of Doom. On T:3751 you advanced to experience level 6. On T:3885 you reached level 4 of Sokoban. Score breakdown: Gold: 653 ( 9577 points) Experience: 6 levels (12456 points) Exploration: 8 levels ( 16.33%) (11456 points) Discoveries: 5 items ( 1.74%) ( 3959 points) Valuables value: (no points given unless you survive) Artifact value: 0 ( 0 points) Variety of kills: 35 monsters ( 9.19%) ( 9092 points) Turncount: 4003 turns (-1026 points) Survival: quit (score multiplied by 90%) Total score: 40962 Latest messages: Hello Tilon, the gnomish Wizard, welcome back to NetHack! Be careful! New moon tonight. Never mind. Final status: Goodbye Tilon the Wizard, quit... You quit in The Dungeons of Doom on dungeon level 8 with 40962 points, and 653 pieces of gold, after 4003 moves. You were level 6 with a maximum of 36 hit points when you quit.